 Dungeon Crawl Stone Soup version 0.17-a0-1181-gabc46e6 (webtiles) character file.

0 SWAGNEMITE the Sneak (level 1, -4/15 HPs)
             Began as a Naga Enchanter on May 31, 2015.
             Slain by a hobgoblin (5 damage)
             ... on level 1 of the Dungeon.
             The game lasted 00:00:12 (32 turns).

SWAGNEMITE the Sneak (Naga Enchanter)                 Turns: 32, Time: 00:00:12

Health: -4/15      AC:  2    Str: 10    XL:     1   Next: 10%
Magic:  3/3        EV: 10    Int: 15    God:
Gold:   10         SH:  0    Dex: 11    Spells: 1 memorised, 3 levels left

rFire  . . .     SeeInvis +     a - +1 dagger
rCold  . . .     Clarity  .     b - +1 robe
rNeg   . . .     SustAt   .     (no shield)
rPois  +         Gourm    .     (no helmet)
rElec  .         Spirit   .     (no cloak)
rCorr  .         Warding  .     (no gloves)
rMut   .         Stasis   .     (no barding)
MR     .....                    (no amulet)
Stlth  +++.......               (no ring)
                                (no ring)

@: very slow, not resistant to hostile enchantments, fairly stealthy
A: see invisible, deformed body, poison resistance, slowness 2, slow metabolism
1, spit poison 2, AC +0
a: Spit Poison


You were on level 1 of the Dungeon.
You were not hungry.

You visited 1 branch of the dungeon, and saw 1 of its levels.

You collected 10 gold pieces.

Inventory:

Hand weapons
 a - a +1 dagger (weapon)
Armour
 b - a +1 robe (worn)
Books
 c - a book of Maledictions
Comestibles
 d - a bread ration {@e1}


   Skills:
 + Level 0.0 Fighting
 + Level 1.0 Short Blades
 + Level 1.5 Dodging
 * Level 4.4 Stealth
 - Level 2.0 Spellcasting
 * Level 3.0 Hexes


You had 3 spell levels left.
You knew the following spells:

 Your Spells              Type           Power        Failure   Level  Hunger
v - Corona                Hex            ##.....      8%          1    #......


Dungeon Overview and Level Annotations

Branches:
Dungeon (1/15)

Altars:


Innate Abilities, Weirdness & Mutations

You cannot wear boots.
Your serpentine skin is tough (AC +0).
You have supernaturally acute eyesight.
Armour fits poorly on your strangely shaped body.
Your system is resistant to poisons.
You cover ground very slowly.
You have a slow metabolism.
You can spit poison.


Message History

Welcome, SWAGNEMITE the Naga Enchanter.
The bosom of this dungeon contains the fabled artefact, the Orb of Zot.
Found 10 gold pieces.
Found a staircase leading out of the dungeon.
You now have 10 gold pieces.
A giant newt comes into view.
A giant newt is nearby!
A hobgoblin comes into view. It is wielding a club.
The giant newt barely misses you. The giant newt bites you.
You take 2 damage, and have 13/15 hp.
You barely miss the giant newt. You closely miss the giant newt.
The giant newt bites you but does no damage.
You hit the giant newt.
You kill the giant newt!
The hobgoblin shouts!
A giant cockroach comes into view.
The hobgoblin hits you with a club.
A hobgoblin comes into view.
You take 2 damage, and have 11/15 hp.
You hit the hobgoblin. The hobgoblin hits you with a club.
You take 2 damage, and have 9/15 hp.
You hit the hobgoblin. The hobgoblin hits you.
The hobgoblin hits you with a club!
* * * LOW HITPOINT WARNING * * *
You take 8 damage, and have 1/15 hp.
MASSIVE DAMAGE!!
You closely miss the hobgoblin. The hobgoblin misses you.
You barely miss the hobgoblin. The hobgoblin closely misses you.
The hobgoblin hits you.
You die...

#.$.#.. #...#.. #......
##. #...... ##... .###
#....!. #..........
#......##...# ....
#.....g#..# ... #sg@.#
###.## #....# #....##
#....# ##.....##
.....#..## #.......###.
######...###..#....#...
##..#...###....#..
##.....# #.......
##.<..# ##.###..
#....####.# .


You could see a giant cockroach and 2 hobgoblins.

Vanquished Creatures
  A giant newt (D:1)
1 creature vanquished.

Notes
Turn   | Place    | Note
--------------------------------------------------------------
     0 | D:1      | SWAGNEMITE the Naga Enchanter began the quest for the Orb.
     0 | D:1      | Reached XP level 1. HP: 15/15 MP: 3/3
    30 | D:1      | HP: 1/15 [hobgoblin/club (7)]
    32 | D:1      | Slain by a hobgoblin

Vault maps used:
D:1:      dpeg_arrival_arbitrary_b

Action                   || total
-------------------------++-------
Melee: Dagger            ||     7

Vault maps used:
D:1:      dpeg_arrival_arbitrary_b

Table legend:
 A = Turns spent in this place as a percentage of turns spent in the entire game.
 B = Non-inter-level travel turns spent in this place as a percentage of non-inter-level travel turns spent in the entire game.
 C = Inter-level travel turns spent in this place as a percentage of turns spent in this place.
 D = Turns resting spent in this place as a percentage of non-inter-level travel turns spent in this place.
 E = Turns spent auto-exploring this place as a percentage of non-inter-level travel turns spent in this place.
 F = Non-inter-level travel turns spent in this place divided by the number of levels of this place that you've seen.
                   A       B       C       D       E      F
               +-------+-------+-------+-------+-------+----------------------
         Total | 100.0 | 100.0 |   0.0 |   0.0 |   6.7 |  15.0
       Dungeon | 100.0 | 100.0 |   0.0 |   0.0 |   6.7 |  15.0
               +-------+-------+-------+-------+-------+----------------------

Table legend:
 A = Kills in this place as a percentage of kills in entire the game.
 B = Kills by you in this place as a percentage of kills by you in the entire game.
 C = Kills by friends in this place as a percentage of kills by friends in the entire game.
 D = Other kills in this place as a percentage of other kills in the entire game.
 E = Experience gained in this place as a percentage of experience gained in the entire game.
 F = Experience gained in this place divided by the number of levels of this place that you have seen.
                   A       B       C       D       E      F
               +-------+-------+-------+-------+-------+----------------------
         Total | 100.0 | 100.0 |  -nan |  -nan | 100.0 |   1.0
       Dungeon | 100.0 | 100.0 |  -nan |  -nan | 100.0 |   1.0
               +-------+-------+-------+-------+-------+----------------------
